 Dungeon Crawl Stone Soup version 0.28.0-43-g3370ac3207 (webtiles) character file.

Game seed: 13413602134595527709

12201 crimpus the Basher (level 11, -2/103 HPs)
             Began as a Gargoyle Berserker on Mar 7, 2022.
             Was an Elder of Trog.
             Slain by an orc warrior
             ... wielding a +0 scimitar of holy wrath
             ... led by an orc knight
              (6 damage)
             ... while paralysed by an orc sorcerer
             ... on level 2 of the Orcish Mines.
             The game lasted 00:21:53 (15332 turns).

crimpus the Basher (Gargoyle Berserker)            Turns: 15332, Time: 00:21:54

Health: -2/103     AC: 26    Str: 27    XL:     11   Next: 89%
Magic:  11/11      EV:  2    Int:  8    God:    Trog [****..]
Gold:   1069       SH:  0    Dex:  9    Spells: 10/10 levels left

rFire   . . .      SeeInvis +   b - +3 flail (protect)
rCold   . . .      Faith    .   c - +1 kite shield
rNeg    + . .      Spirit   .   A - +0 plate armour
rPois   ∞          Reflect  +   p - +0 helmet
rElec   +          Harm     .   (no cloak)
rCorr   .          Rampage  .   j - +0 pair of gloves
Will    .....                   t - +0 pair of boots
Stlth   ..........              f - amulet of reflection
HPRegen 0.27/turn               y - ring of see invisible
MPRegen 0.12/turn               v - +4 ring of evasion

@: paralysed, berserking
A: sickness immunity, AC +8, negative energy resistance 1, electricity
resistance, torment resistance 1, petrification resistance, fangs 1, strong 1
a: Renounce Religion, Berserk, Trog's Hand, Brothers in Arms


You were on level 2 of the Orcish Mines.
You worshipped Trog.
Trog was greatly pleased with you.
You visited 2 branches of the dungeon, and saw 12 of its levels.
You also visited: Ossuary.

You collected 1069 gold pieces.

Inventory:

Hand Weapons
 b - a +3 flail of protection (weapon)
Armour
 c - a +1 kite shield (worn)
 e - +2 steam dragon scales
 j - a +0 pair of gloves (worn)
 p - a +0 helmet (worn)
 t - a +0 pair of boots (worn)
 A - a +0 plate armour (worn)
 B - +0 acid dragon scales
Jewellery
 f - an amulet of reflection (around neck)
 n - a ring of poison resistance
 r - a +6 ring of strength
 v - a +4 ring of evasion (right hand)
 y - a ring of see invisible (left hand)
 D - a ring of ice
 F - a +6 ring of dexterity
Wands
 i - a wand of iceblast (12)
 C - a wand of polymorph (4)
Scrolls
 a - 5 scrolls of teleportation
 g - 6 scrolls of identify
 h - a scroll of silence
 k - 2 scrolls of amnesia {unknown}
 l - a scroll of fear
 m - 3 scrolls of magic mapping
Potions
 d - a potion of cancellation
 o - a potion of might
 q - 2 potions of attraction
 s - 4 potions of heal wounds
 u - 4 potions of berserk rage
 w - 2 potions of invisibility
 x - 2 potions of curing
 z - a potion of mutation
 E - a potion of flight {unknown}


   Skills:
 + Level 8.6 Fighting
 + Level 12.4 Maces & Flails
 + Level 8.6 Armour
 - Level 2.4 Dodging
 + Level 10.4 Shields


You had 10 spell levels left.
You didn't know any spells.
Your spell library was empty.

Dungeon Overview and Level Annotations

Branches:
Dungeon (10/15)            Temple (0/1) D:6            Lair (0/6) D:8
    Orc (2/2) D:10            Elf (0/3) Orc:2       Ossuary (visited)

Altars:
Cheibriados
Kikubaaqudgha
Xom
Beogh


Innate Abilities, Weirdness & Mutations

You are immune to sickness and miasma.
Your stone body is resilient. (AC +8)
You are immune to poison.
You resist negative energy. (rN+)
You are resistant to electric shocks. (rElec)
You are resistant to unholy torment.
You are immune to petrification.
You have very sharp teeth.
Your muscles are strong. (Str +2)


Message History

The chaos spawn closely misses you.
You sock the orc sorcerer!
Your weapon exudes an aura of protection.
The orc sorcerer is heavily wounded.
The orc knight barely misses you. You block the orc warrior's attack.
You closely miss the orc sorcerer. Your bite misses the orc sorcerer.
The orc sorcerer is heavily wounded.
You block the warg's attack.
The orc warrior hits you with a +0 hand axe!
The orc sorcerer points at you and mumbles some strange words.
You suddenly lose the ability to move!
The chaos spawn hits you but does no damage.
The warg bites you but does no damage.
An orc warrior comes into view. It is wielding a +0 hand axe.
The orc knight hits you but does no damage.
The orc warrior hits you with a +0 scimitar of holy wrath.
The orc warrior hits you with a +0 hand axe.
The orc sorcerer hits you but does no damage.
The chaos spawn hits you but does no damage.
The orc warrior shouts!
The warg barely misses you.
The orc warrior hits you with a +0 scimitar of holy wrath!
The orc knight hits you but does no damage.
The orc sorcerer completely misses you. The warg bites you.
The orc warrior hits you but does no damage.
The chaos spawn gores you but does no damage.
The orc sorcerer no longer looks unusually strong.
The orc warrior hits you with a +0 scimitar of holy wrath.
The orc knight hits you with a +0 war axe.
* * * LOW HITPOINT WARNING * * *
The warg bites you!
* * * LOW HITPOINT WARNING * * *
The orc warrior barely misses you.
The orc sorcerer points at you and mumbles some strange words.
The bolt of fire hits you!
* * * LOW HITPOINT WARNING * * *
The chaos spawn gores you but does no damage.
The warg bites you but does no damage.
The orc warrior hits you with a +0 scimitar of holy wrath.
You die...

#.............))...........
.......#............#......
...#.....................#
..###...........†).......#
....#....................#
#.......................##
.....................#...##
#.#.>...........4h.###....#
####.##........)@oo..#.....
#####..#....oooho......^
##..#....hoh..#.# .
#.......#...#..#.#.#
#...##..#.........#
#...#.o...#.##.....#
##.#......### ....##
###.....## .......
......... .......


You could see an orc knight, a chaos spawn (summoned), 4 wargs, an orc sorcerer,
3 orc warriors, 2 orc wizards and an orc (strong).

Vanquished Creatures
  2 two-headed ogres (D:10)
  An orc knight (Orc:1)
  An ugly thing (D:10)
  A gargoyle (D:10)
  Maggie (D:6)
  An unseen horror (D:8)
  4 trolls
  A shadow (D:10)
  A vampire (D:9)
  2 wyverns
  5 yaks
  Eustachio (D:6)
  3 steam dragons
  Edmund (D:6)
  A warg (Orc:2)
  2 acid dragons (D:10)
  2 water moccasins (D:8)
  7 orc warriors
  2 sky beasts (D:7)
  2 black bears (D:8)
  2 ice beasts
  2 ogres (D:5)
  4 centaurs
  4 kobold brigands
  4 bullfrogs (D:8)
  A gnoll sergeant (D:10)
  2 scorpions
  A wyvern zombie (D:9)
  A water moccasin skeleton (D:7)
  18 wights
  4 howler monkeys
  A spectral centaur (D:10)
  8 centaur zombies
  3 hounds
  2 centaur skeletons
  12 orc priests
  2 iguanas
  10 orc wizards
  A killer bee zombie (D:8)
  5 mummies (Ossuary)
  2 howler monkey zombies (D:10)
  7 gnolls
  A howler monkey skeleton (D:7)
  5 adders
  2 white imps
  4 worms
  3 dart slugs
  45 orcs
  3 bats
  11 endoplasms
  2 giant cockroaches
  3 gnoll zombies (Ossuary)
  13 hobgoblins
  3 jackals (D:5)
  16 kobolds
  3 quokkas
  8 ball pythons
  2 frilled lizards (D:1)
  10 goblins
  2 goblin zombies (Ossuary)
  A kobold zombie (Ossuary)
  An orc zombie (Ossuary)
  12 rats
287 creatures vanquished.

Vanquished Creatures (others)
  19 fungi (D:8)
  15 plants (D:8)
34 creatures vanquished.

Grand Total: 321 creatures vanquished

Notes
Turn   | Place    | Note
-------+----------+-------------------------------------------
     0 | D:1      | crimpus the Gargoyle Berserker began the quest for the Orb.
     0 | D:1      | Reached XP level 1. HP: 14/14 MP: 1/1
   374 | D:1      | Reached XP level 2. HP: 12/19 MP: 2/2
   995 | D:1      | Reached XP level 3. HP: 24/24 MP: 3/3
  1352 | D:1      | Reached ** piety under Trog
  1818 | D:2      | Reached XP level 4. HP: 29/29 MP: 4/4
  2023 | D:2      | Reached skill level 4 in Maces & Flails
  2470 | D:2      | Found a shimmering altar of Xom.
  2718 | D:3      | Reached skill level 1 in Shields
  2808 | D:3      | Found a faded altar of an unknown god.
  2835 | D:3      | Reached XP level 5. HP: 24/33 MP: 5/5
  3773 | D:4      | Reached *** piety under Trog
  3775 | D:4      | Gained mutation: Your magical capacity is low. (-10% MP)
                  | [potion of mutation]
  3775 | D:4      | Gained mutation: Your magical capacity is very low. (-20%
                  | MP) [potion of mutation]
  3855 | D:4      | Reached skill level 5 in Maces & Flails
  3855 | D:4      | Reached XP level 6. HP: 30/38 MP: 4/4
  4835 | D:5      | Entered Level 5 of the Dungeon
  4951 | D:5      | Reached XP level 7. HP: 44/44 MP: 5/5
  5060 | D:5      | Found a sand-covered staircase.
  5071 | Ossuary  | Entered an ossuary
  5199 | Ossuary  | Reached skill level 6 in Maces & Flails
  5220 | Ossuary  | Lost mutation: Your magical capacity is very low. (-20% MP)
                  | [potion of mutation]
  5220 | Ossuary  | Lost mutation: Your magical capacity is low. (-10% MP)
                  | [potion of mutation]
  5220 | Ossuary  | Gained mutation: Your muscles are strong. (Str +2) [potion
                  | of mutation]
  5220 | Ossuary  | Gained mutation: You have very sharp teeth. [potion of
                  | mutation]
  5857 | D:6      | Noticed a steam dragon
  5866 | D:6      | Killed a steam dragon
  5867 | D:6      | Reached XP level 8. HP: 29/48 MP: 8/8
  6117 | D:6      | Found a staircase to the Ecumenical Temple.
  6134 | D:6      | Noticed Edmund
  6145 | D:6      | Killed Edmund
  6146 | D:6      | Reached skill level 5 in Fighting
  6146 | D:6      | Reached skill level 7 in Maces & Flails
  6265 | D:6      | Noticed Maggie
  6278 | D:6      | Killed Maggie
  6279 | D:6      | Reached skill level 8 in Maces & Flails
  6279 | D:6      | Reached skill level 5 in Shields
  6440 | D:6      | Noticed Eustachio
  6452 | D:6      | Killed Eustachio
  6453 | D:6      | Reached skill level 5 in Armour
  6453 | D:6      | Reached XP level 9. HP: 54/54 MP: 9/9
  7086 | D:7      | Noticed a troll
  7107 | D:7      | Killed a troll
  7369 | D:7      | HP: 1/54 [wight/+3 halberd of freezing (5)]
  7865 | D:7      | Identified the +4 war axe of the Asp {spect, Str-4 Int+3
                  | Stlth+}
  8808 | D:8      | Reached skill level 9 in Maces & Flails
  8814 | D:8      | Found a staircase to the Lair.
  8875 | D:8      | Reached XP level 10. HP: 19/60 MP: 10/10
  9301 | D:8      | Reached **** piety under Trog
  9529 | D:8      | Reached skill level 10 in Maces & Flails
  9738 | D:8      | Killed an unseen horror
 12548 | D:10     | Entered Level 10 of the Dungeon
 12604 | D:10     | Found a staircase to the Orcish Mines.
 12622 | D:10     | Reached skill level 11 in Maces & Flails
 12633 | D:10     | Reached XP level 11. HP: 47/67 MP: 11/11
 13054 | D:10     | Noticed a two-headed ogre
 13072 | D:10     | Killed a two-headed ogre
 13077 | D:10     | Noticed a two-headed ogre
 13083 | D:10     | Killed a two-headed ogre
 13512 | D:10     | Reached skill level 12 in Maces & Flails
 13600 | D:10     | Found an ancient bone altar of Kikubaaqudgha.
 13720 | D:10     | Found a snail-covered altar of Cheibriados.
 14079 | D:10     | Reached skill level 10 in Shields
 14220 | D:10     | Noticed a brown ugly thing
 14236 | D:10     | Killed a brown ugly thing
 14604 | Orc:1    | Entered Level 1 of the Orcish Mines
 14822 | Orc:2    | Entered Level 2 of the Orcish Mines
 14964 | Orc:2    | Found a staircase to the Elven Halls.
 14994 | Orc:2    | Noticed an orc knight
 15029 | Orc:1    | Killed an orc knight
 15309 | Orc:2    | Noticed an orc sorcerer
 15309 | Orc:2    | Noticed an orc knight
 15319 | Orc:2    | Paralysed by an orc sorcerer for 5 turns
 15328 | Orc:2    | Paralysed by an orc sorcerer for 4 turns
 15331 | Orc:2    | HP: 4/103 [orc sorcerer/bolt of fire[an orc knight] (17)]
 15332 | Orc:2    | Slain by an orc warrior

Illustrated notes

Levels and vault maps discovered:
D:1:      mrwooster_arrival_statue_2, layout_loops_ring,
          minmay_misc_feat_enclosed, minivault_27
D:2:      layout_basic, basic_altar, serial_rivers,
          chequers_serial_rivers_micro_d, chequers_serial_rivers_micro_a,
          chequers_serial_rivers_marsh, chequers_serial_rivers_small_3,
          fountainhead, minmay_misc_feat_columns
D:3:      layout_basic, dreamdust_ecumenical_altar_statues,
          roderic_cross_of_infinity, chequers_serial_rivers_large_a,
          st_stairs_12, interstate_on_off, minmay_goblin_outpost
D:4:      layout_basic
D:5:      layout_basic, nicolae_ossuary_entry_ruins
D:6:      layout_basic, temple_fountains, minmay_misc_feat_room, uniq_maggie,
          uniq_edmund, uniq_eustachio
D:7:      layout_basic, minmay_curled_crystal
D:8:      layout_basic, due_lair_maze_entry_diamond,
          hangedman_decor_diamond_cutter
D:9:      layout_cave_pods, wad_rectangle_vault
D:10:     layout_basic, mainiacjoe_overflow_concentric_impassable,
          cheibrodos_worm_habitat, minmay_orc_entry_temple_small,
          hangedman_weighted_door, minmay_joined_circles
Orc:1:    layout_diamond_mine, mines_bat_river
Orc:2:    st_orc_town, layout_caves

Skill      XL: |  1  2  3  4  5  6  7  8  9 10 11 |
---------------+----------------------------------+-----
Fighting       | 4 5 6 7 8 |  8.6
Maces & Flails | 4 5 6 8 9 11 12 | 12.4
Shields        | 1 3 4 5 7 8 10 | 10.4
Dodging        | 2 |  2.4
Armour         | 3 4 5 7 8 |  8.6

Action                   |  1- 3 |  4- 6 |  7- 9 | 10-12 || total
-------------------------+-------+-------+-------+-------++-------
Melee: Mace              |    92 |   188 |    80 |       ||   360
       Bite              |       |       |    20 |    60 ||    80
       Flail             |       |       |   152 |   465 ||   617
Invok: Berserk           |     1 |     3 |    10 |    15 ||    29
  Use: Potion            |       |     6 |     8 |       ||    14
       Scroll            |       |     6 |     3 |     1 ||    10
 Stab: Sleeping          |     1 |     1 |       |       ||     2
Armor: Animal skin       |    21 |    39 |       |       ||    60
       Chain mail        |       |    20 |    25 |       ||    45
       Plate armour      |       |       |   124 |   195 ||   319
Dodge: Dodged            |    40 |    70 |    62 |   129 ||   301
Block: Kite shield       |    41 |   140 |   205 |   386 ||   772
       Reflection        |       |     1 |     3 |    12 ||    16
